 Dungeon Crawl Stone Soup version 0.28.0 (webtiles) character file.

Game seed: 15876212857055039459

114 CrazyMind the Ruffian (level 4, -3/35 HPs)
             Began as a Draconian Transmuter on Feb 17, 2022.
             Was an Initiate of Ru.
             Slain by an iguana (8 damage)
             ... on level 3 of the Dungeon.
             The game lasted 00:08:48 (2495 turns).

CrazyMind the Ruffian (Draconian Transmuter)        Turns: 2495, Time: 00:08:48

Health: -3/35      AC:  5    Str: 14    XL:     4   Next: 66%
Magic:  4/7        EV: 16    Int: 13    God:    Ru [......]
Gold:   134        SH:  0    Dex: 12    Spells: 5/8 levels left

rFire   . . .      SeeInvis .     - Unarmed
rCold   . . .      Faith    .   (no shield)
rNeg    . . .      Spirit   .   (armour unavailable)
rPois   .          Reflect  .   (helmet currently unavailable)
rElec   .          Harm     .   (no cloak)
rCorr   .          Rampage  .   (no gloves)
Will    .....                   (boots currently unavailable)
Stlth   +.........              (no amulet)
HPRegen 0.11/turn               k - +4 ring of evasion
MPRegen 0.10/turn               (no ring)

@: appendages (expiring), wereblooded (expiring)
A: horns 2, talons 2, AC +5, unfitting armour, cold-blooded
a: End Transformation, Renounce Religion


You were on level 3 of the Dungeon.
You worshipped Ru.
Ru was noncommittal.
You had temporarily grown beastly horns and talons.
You visited 1 branch of the dungeon, and saw 4 of its levels.

You collected 134 gold pieces.

Inventory:

Missiles
 a - 61 stones
 j - 5 poisoned darts
 l - 6 boomerangs
Jewellery
 k - a +4 ring of evasion (left hand)
Scrolls
 b - 3 scrolls of teleportation {unknown}
 c - 4 scrolls of identify {unknown}
 f - a scroll of vulnerability {unknown}
 g - 3 scrolls of fog {unknown}
 h - a scroll of amnesia {unknown}
Potions
 d - 2 potions of resistance
 e - a potion of lignification {unknown}
 i - a potion of haste {unknown}
 m - a potion of heal wounds {unknown}
 n - a potion of invisibility {unknown}


   Skills:
 + Level 1.2 Fighting
 + Level 2.4 Dodging
 + Level 4.1 Unarmed Combat
 + Level 2.6 Spellcasting
 + Level 2.9 Transmutations


You had 5 spell levels left.
You knew the following spells:

 Your Spells              Type           Power      Damage    Failure   Level
a - Beastly Appendage     Tmut           18%        N/A       8%          1
b - Wereblood             Tmut           9%         N/A       11%         2

Your spell library contained the following spells:

 Spells                   Type           Power      Damage    Failure   Level
 Spider Form              Tmut/Pois      5%         N/A       36%         3
 Ice Form                 Ice/Tmut       5%         N/A       78%         4


Dungeon Overview and Level Annotations

Branches:
Dungeon (4/15)
 Temple: D:4-7

Altars:
Fedhas
Ru
Xom

Shops:
D:1 (

Annotations:
D:3 Grinder
D:4 Natasha


Innate Abilities, Weirdness & Mutations

You have temporarily grown beastly horns and talons.
Your plain brown scales are hard. (AC +5)
You cannot fit into any form of body armour.
You are cold-blooded and may be slowed by cold attacks.


Message History

The iguana barely misses you.
You hit the iguana. You claw the iguana, but do no damage.
You headbutt the iguana, but do no damage.
Your tail-slap misses the iguana.
The iguana is lightly wounded.
The iguana misses you.
You hit the iguana.
The iguana is moderately wounded.
The iguana barely misses you.
Natasha mumbles some strange words.
You barely miss the iguana. Your kick misses the iguana.
You tail-slap the iguana, but do no damage.
The iguana is moderately wounded.
The iguana closely misses you.
Natasha drinks a potion.
Natasha suddenly seems more resistant.
You barely miss the iguana. You claw the iguana, but do no damage.
Your headbutt misses the iguana.
The iguana is lightly wounded.
The white imp grins evilly.
The iguana bites you!
* * * LOW HITPOINT WARNING * * *
Natasha mumbles some strange words.
Natasha shimmers violently.
There is a stone staircase leading up, spattered with blood here.
The iguana bites you.
* * * LOW HITPOINT WARNING * * *
You climb upwards.
Level annotation: Grinder Your transformation is almost over.
The goblin shoots a stone.
The stone hits you.
* * * LOW HITPOINT WARNING * * *
The goblin shoots a stone.
The stone hits you but does no damage.
There is a stone staircase leading down here.
The iguana barely misses you.
The goblin shoots a stone.
The stone closely misses you.
You barely miss the iguana. You claw the iguana, but do no damage.
The iguana is lightly wounded.
Your primal bloodlust is almost over.
The iguana bites you!
You die...

#.# ######.# ##################
...)...##### #.................
.#####.....# #.#############.##
.# #.÷...# #.#...........#.# .#
#.....#####.#.##..#####.#.# .#
#.....................#.#.# .#
##....#####.#.#..####.#.#.# .##
#....# #@#.#..# #.#.#.#
..#####....#####l#.#..# #.#.#.#
......'.........>#.#..# #.#.#.#
..#####.....#...##.#..# #.#.#.#
...# #...........#.#..####...#.#
.#.###.#...........#.).......#.#
....##.#...........#)........#.#
....##.#.....g..........######.#
....##.#........≈≈≈≈≈≈≈........#


You could see an iguana and a goblin.

Vanquished Creatures
  An orc priest (D:3)
  2 adders (D:2)
  2 dart slugs (D:2)
  3 orcs (D:3)
  8 endoplasms
  4 giant cockroaches
  5 hobgoblins
  5 kobolds
  2 quokkas
  4 ball pythons
  7 bats
  A frilled lizard (D:2)
  3 goblins
  7 rats
54 creatures vanquished.

Vanquished Creatures (others)
  A withered plant (D:3)
1 creature vanquished.

Grand Total: 55 creatures vanquished

Notes
Turn   | Place    | Note
-------+----------+-------------------------------------------
     0 | D:1      | CrazyMind the Draconian Transmuter began the quest for the
                  | Orb.
     0 | D:1      | Reached XP level 1. HP: 16/16 MP: 3/3
   396 | D:1      | Found Enuamya Eneu's Weapon Shop.
   456 | D:1      | Reached XP level 2. HP: 23/23 MP: 3/5
   489 | D:1      | You fall into a shaft and drop 1 floor!
  1180 | D:2      | Reached XP level 3. HP: 28/28 MP: 6/6
  1362 | D:2      | Found a sacrificial altar of Ru.
  1370 | D:2      | Became a worshipper of Ru the Awakened
  1867 | D:3      | Found a faded altar of an unknown god.
  1924 | D:3      | Reached XP level 4. HP: 34/35 MP: 7/7
  1927 | D:3      | Learned a level 2 spell: Wereblood
  1936 | D:3      | Found a shimmering altar of Xom.
  1954 | D:3      | Found a blossoming altar of Fedhas.
  2178 | D:3      | Reached skill level 4 in Unarmed Combat
  2324 | D:3      | Noticed Grinder
  2475 | D:4      | Noticed Natasha
  2495 | D:3      | Slain by an iguana

Illustrated notes

Levels and vault maps discovered:
D:1:      dpeg_arrival_rhombi, layout_basic, serial_shops, nicolae_shop_crystal,
          chequers_arboretum
D:2:      layout_rooms, basic_altar
D:3:      layout_basic, fedhas_altar_4, mainiacjoe_overflow_catwalk,
          ebering_ecumenical_altar_petrified, uniq_grinder
D:4:      layout_rooms, amcnicky_altar_gilded, biasface_ghost_orc_armoury,
          uniq_natasha, uniq_menkaure

Skill      XL: |  1  2  3  4 |
---------------+-------------+-----
Dodging        | 2 |  2.4
Unarmed Combat | 4 |  4.1
Fighting       | |  1.2
Spellcasting   | |  2.6
Transmutations | |  2.9

Action                   |  1- 3 |  4- 6 || total
-------------------------+-------+-------++-------
Melee: Unarmed           |   132 |    26 ||   158
       Kick              |     8 |     6 ||    14
       Headbutt          |     7 |     4 ||    11
       Tailslap          |    10 |     5 ||    15
       Punch             |     2 |       ||     2
 Cast: Beastly Appendage |    13 |     3 ||    16
       Wereblood         |       |     2 ||     2
Armor: Skin              |    46 |    14 ||    60
Dodge: Dodged            |    75 |    45 ||   120
